 Dungeon Crawl Stone Soup version 0.28.0-53-g5a82cb258f (webtiles) character file.

Game seed: 15818013276493269385

478 Gabide the Ducker (level 7, 0/59 HPs)
             Began as a Gnoll Monk on May 30, 2022.
             Slain by a human zombie (3 damage)
             ... in an ossuary.
             The game lasted 00:06:18 (3222 turns).

Gabide the Ducker (Gnoll Monk)                      Turns: 3222, Time: 00:06:18

Health: 0/59       AC:  6    Str: 11    XL:     7   Next: 11%
Magic:  10/10      EV: 15    Int:  9    God:
Gold:   100        SH:  5    Dex: 16    Spells: 10/10 levels left

rFire   + . .      SeeInvis .   a - +0 spear
rCold   + . .      Faith    .   (no shield)
rNeg    . . .      Spirit   .   b - +0 robe
rPois   +          Reflect  +   (no helmet)
rElec   +          Harm     .   (no cloak)
rCorr   +          Rampage  .   (no gloves)
Will    .....                   (no boots)
Stlth   +++.......              e - amulet of reflection
HPRegen 0.19/turn               l - ring of poison resistance
MPRegen 0.12/turn               k - +4 ring of protection

@: resistant
A: fangs 1, strong nose, distributed training
a: no special abilities


You were in an ossuary.
You visited 1 branch of the dungeon, and saw 4 of its levels.
You also visited: Ossuary.

You collected 100 gold pieces.

Inventory:

Hand Weapons
 a - a +0 spear (weapon)
Missiles
 f - 3 poisoned darts (quivered)
Armour
 b - a +0 robe (worn)
Jewellery
 e - an amulet of reflection (around neck)
 h - a ring of protection from fire
 k - a +4 ring of protection (right hand)
 l - a ring of poison resistance (left hand)
 s - a ring of ice
Wands
 i - a wand of digging (5)
 o - a wand of flame (16)
Scrolls
 g - a scroll of vulnerability {unknown}
 n - a scroll of magic mapping {unknown}
 p - a scroll of amnesia {unknown}
 q - 2 scrolls of noise
Potions
 m - 2 potions of attraction
 r - 2 potions of cancellation


   Skills:
 + Level 6.9 Fighting
 + Level 2.2 Short Blades
 + Level 2.2 Long Blades
 + Level 2.2 Axes
 + Level 2.2 Maces & Flails
 + Level 6.9 Polearms
 + Level 2.2 Staves
 + Level 2.2 Slings
 + Level 2.2 Bows
 + Level 2.2 Crossbows
 + Level 2.2 Throwing
 + Level 2.2 Armour
 + Level 6.9 Dodging
 + Level 4.8 Stealth
 + Level 2.2 Shields
 + Level 2.2 Unarmed Combat
 + Level 2.2 Spellcasting
 + Level 1.8 Conjurations
 + Level 1.8 Hexes
 + Level 1.8 Summonings
 + Level 1.8 Necromancy
 + Level 1.8 Translocations
 + Level 1.8 Transmutations
 + Level 1.8 Fire Magic
 + Level 1.8 Ice Magic
 + Level 1.8 Air Magic
 + Level 1.8 Earth Magic
 + Level 1.8 Poison Magic
 + Level 2.5 Invocations
 + Level 2.2 Evocations


You had 10 spell levels left.
You didn't know any spells.
Your spell library contained the following spells:

 Spells                   Type           Power      Damage    Failure   Level
 Animate Skeleton         Necr           8%         N/A       16%         1
 Pain                     Necr           16%        1d4       16%         1
 Sandblast                Erth           8%         2d5       16%         1
 Passwall                 Tmut/Erth      3%         N/A       22%         2
 Ozocubu's Armour         Ice            4%         N/A       41%         3
 Stone Arrow              Conj/Erth      8%         3d7       41%         3
 Vampiric Draining        Necr           4%         2d6       41%         3
 Ozocubu's Refrigeration  Ice            2%         4d5       100%        7


Dungeon Overview and Level Annotations

Branches:
Dungeon (4/15)            Ossuary (1/1)
 Temple: D:4-7

Altars:
Ashenzari
Fedhas
Makhleb
Zin


Innate Abilities, Weirdness & Mutations

You have very sharp teeth.
Your uncanny sense of smell can sniff out nearby items.
Your experience applies equally to all skills.


Message History

You hit the human zombie.
The human zombie is moderately damaged.
You hit the human zombie. Your bite misses the human zombie.
The human zombie is heavily damaged.
The human zombie barely misses you.
You barely miss the human zombie. Your bite misses the human zombie.
The human zombie is heavily damaged.
The human zombie misses you.
You hit the human zombie.
The human zombie is heavily damaged.
You hit the human zombie.
The human zombie is severely damaged.
The human zombie hits you.
* * * LOW HITPOINT WARNING * * *
You barely miss the human zombie.
The human zombie is severely damaged.
The human zombie barely misses you.
You hit the human zombie.
The human zombie is severely damaged.
You hit the human zombie but do no damage.
The human zombie is severely damaged.
The human zombie barely misses you.
You barely miss the human zombie. Your bite misses the human zombie.
The human zombie is severely damaged.
You hit the human zombie.
The human zombie is severely damaged.
The human zombie hits you but does no damage.
You hit the human zombie.
The human zombie is severely damaged.
The human zombie hits you.
* * * LOW HITPOINT WARNING * * *
Reach: a) +0 spear
Press: ? - help, Dir - move target, f - kobold zombie
Aim: a kobold zombie (about 23% to evade your +0 spear)
You reach to attack!
You hit the kobold zombie.
The kobold zombie is lightly damaged.
You hit the kobold zombie.
The kobold zombie is moderately damaged.
The human zombie hits you.
You die...

#...##############...#
#...# ..#...#∆ #...#
#...# .#...## #...#
#...####'...Z #...#
#..Z#..Z..Z.# #...#
#..Z#.......#∆∆∆ #...#
#...#.......#∆∆ #...#
#...#.....ZZ####.#...#
#..Z#......ZZ@Z..#...#
#...#.####..####.#...#
#...# #..# #...# #...#
#.Z# #...#
#...######..######...#
#............Z.......#
#........8..8........#
#....................#
#....................#


You could see a goblin zombie, a hobgoblin zombie, a kobold zombie, 2 elf
zombies and a human zombie.

Vanquished Creatures
  A bullfrog (D:4)
  2 elf skeletons (D:4)
  A scorpion (D:4)
  A human zombie (Ossuary)
  Ijyb (D:3)
  A human skeleton (D:4)
  2 mummies (Ossuary)
  7 adders
  2 adder zombies (Ossuary)
  A worm (D:4)
  4 dart slugs
  2 ball pythons
  2 bats
  An endoplasm (D:2)
  A giant cockroach (D:3)
  5 goblins
  4 hobgoblins
  5 kobolds
  4 quokkas
  3 frilled lizards
  4 hobgoblin zombies (Ossuary)
  A jackal zombie (Ossuary)
  8 kobold zombies (Ossuary)
  9 orc zombies
  A rat (D:1)
73 creatures vanquished.

Notes
Turn   | Place    | Note
-------+----------+-------------------------------------------
     0 | D:1      | Gabide the Gnoll Monk began the quest for the Orb.
     0 | D:1      | Reached XP level 1. HP: 23/23 MP: 1/1
    80 | D:1      | Reached XP level 2. HP: 28/29 MP: 2/2
   541 | D:2      | Found a blossoming altar of Fedhas.
   565 | D:2      | Reached XP level 3. HP: 30/35 MP: 3/3
   701 | D:2      | Reached skill level 1 in Invocations
   727 | D:2      | Reached skill level 1 in Short Blades
   727 | D:2      | Reached skill level 1 in Long Blades
   727 | D:2      | Reached skill level 1 in Axes
   727 | D:2      | Reached skill level 1 in Maces & Flails
   727 | D:2      | Reached skill level 1 in Staves
   727 | D:2      | Reached skill level 1 in Slings
   727 | D:2      | Reached skill level 1 in Bows
   727 | D:2      | Reached skill level 1 in Crossbows
   727 | D:2      | Reached skill level 1 in Throwing
   727 | D:2      | Reached skill level 1 in Armour
   727 | D:2      | Reached skill level 1 in Shields
   727 | D:2      | Reached skill level 1 in Unarmed Combat
   727 | D:2      | Reached skill level 1 in Spellcasting
   727 | D:2      | Reached skill level 1 in Evocations
   749 | D:2      | Reached XP level 4. HP: 34/41 MP: 5/5
   954 | D:2      | You fall into a shaft and drop 1 floor!
  1264 | D:3      | Reached skill level 1 in Conjurations
  1264 | D:3      | Reached skill level 1 in Hexes
  1264 | D:3      | Reached skill level 1 in Summonings
  1264 | D:3      | Reached skill level 1 in Necromancy
  1264 | D:3      | Reached skill level 1 in Translocations
  1264 | D:3      | Reached skill level 1 in Transmutations
  1264 | D:3      | Reached skill level 1 in Fire Magic
  1264 | D:3      | Reached skill level 1 in Ice Magic
  1264 | D:3      | Reached skill level 1 in Air Magic
  1264 | D:3      | Reached skill level 1 in Earth Magic
  1264 | D:3      | Reached skill level 1 in Poison Magic
  1712 | D:3      | Noticed Ijyb
  1716 | D:3      | Paralysed by Ijyb for 4 turns
  1730 | D:3      | Paralysed by Ijyb for 5 turns
  1741 | D:3      | Paralysed by Ijyb for 4 turns
  1752 | D:3      | Paralysed by Ijyb for 4 turns
  1779 | D:3      | Killed Ijyb
  1780 | D:3      | Reached XP level 5. HP: 21/47 MP: 5/7
  2194 | D:4      | Found a burning altar of Makhleb.
  2207 | D:4      | Found a glowing silver altar of Zin.
  2207 | D:4      | Noticed a balrug
  2207 | D:4      | Noticed an angel
  2229 | D:4      | Reached XP level 6. HP: 53/53 MP: 8/8
  2427 | D:4      | Found a broken altar of Ashenzari.
  2739 | D:4      | Found a sand-covered staircase.
  2768 | Ossuary  | Entered an ossuary
  3062 | Ossuary  | Reached XP level 7. HP: 34/59 MP: 10/10
  3220 | Ossuary  | HP: 2/59 [human zombie (3)]
  3222 | Ossuary  | Slain by a human zombie

Illustrated notes

Levels and vault maps discovered:
D:1:      dpeg_arrival_pits, layout_rooms, minivault_11
D:2:      layout_basic, dilly_ecumenical_altar_fadedgnrine, basic_altar
D:3:      layout_basic, nrook_mini_backslash, minmay_bisected, uniq_ijyb
D:4:      layout_gridville, grunt_temple_overflow_order_and_chaos_2,
          lemuel_doored_altar, mainiacjoe_overflow_chevrons,
          portal_sewer_entry_e, serial_glass, glass_columns_a, glass_columns_c,
          nicolae_ossuary_entry_catacombs, uniq_blork_the_orc
Ossuary:  ossuary_tomb_1

Skill      XL: |  1  2  3  4  5  6 |
---------------+-------------------+-----
Invocations    | 1 2 |  2.5
Short Blades   | 1 2 |  2.2
Long Blades    | 1 2 |  2.2
Axes           | 1 2 |  2.2
Maces & Flails | 1 2 |  2.2
Staves         | 1 2 |  2.2
Slings         | 1 2 |  2.2
Bows           | 1 2 |  2.2
Crossbows      | 1 2 |  2.2
Throwing       | 1 2 |  2.2
Armour         | 1 2 |  2.2
Shields        | 1 2 |  2.2
Unarmed Combat | 1 2 |  2.2
Spellcasting   | 1 2 |  2.2
Evocations     | 1 2 |  2.2
Conjurations   | 1 |  1.8
Hexes          | 1 |  1.8
Summonings     | 1 |  1.8
Necromancy     | 1 |  1.8
Translocations | 1 |  1.8
Transmutations | 1 |  1.8
Fire Magic     | 1 |  1.8
Ice Magic      | 1 |  1.8
Air Magic      | 1 |  1.8
Earth Magic    | 1 |  1.8
Poison Magic   | 1 |  1.8
Fighting       | |  6.9
Polearms       | |  6.9
Dodging        | |  6.9
Stealth        | |  4.8

Action                   |  1- 3 |  4- 6 |  7- 9 || total
-------------------------+-------+-------+-------++-------
Melee: Spear             |    66 |   354 |    96 ||   516
       Bite              |     4 |    49 |    13 ||    66
       Punch             |     1 |     6 |     4 ||    11
Throw: Throwing net      |     1 |     1 |       ||     2
       Dart              |     3 |     8 |       ||    11
  Use: Scroll            |       |     3 |       ||     3
       Potion            |       |     1 |     1 ||     2
 Stab: Sleeping          |     5 |    11 |       ||    16
Armor: Robe              |     2 |    30 |    17 ||    49
Dodge: Dodged            |    17 |   121 |    59 ||   197
Block: Other             |     9 |    44 |    11 ||    64
